 Dungeon Crawl Stone Soup version 0.23-a0-137-gef0ad6d46f (webtiles) character file.

6024 CheiIsBae the Severer (level 10, -3/92 HPs)
             Began as a Hill Orc Fighter on Aug 29, 2018.
             Was a Believer of Beogh.
             Killed from afar by an electric eel (9 damage)
             ... with a bolt of electricity
             ... on level 9 of the Dungeon.
             The game lasted 00:14:55 (9799 turns).

CheiIsBae the Severer (Hill Orc Fighter)            Turns: 9799, Time: 00:14:55

Health: -3/92      AC: 11    Str: 23    XL:     10   Next: 86%
Magic:  0/11       EV:  8    Int: 11    God:    Beogh [**....]
Gold:   349        SH:  9    Dex: 10    Spells: 9/9 levels left

rFire    + . .     SeeInvis .   a - +1 war axe
rCold    . . .     Gourm    .   c - +0 shield
rNeg     . . .     Faith    .   p - +0 ring mail {rF+}
rPois    +         Spirit   +   (no helmet)
rElec    .         Reflect  .   r - +2 cloak {rPois}
rCorr    +         Harm     .   (no gloves)
MR       .....                  (no boots)
Stlth    ..........             g - amulet of guardian spirit
HPRegen  0.25/turn              h - ring of resist corrosion
MPRegen  0.12/turn              d - +3 ring of intelligence

@: lethally poisoned (-3 -> -4), about to teleport, drained, very slow
A: talons 1, rugged brown scales 1
a: Smiting, Renounce Religion


You were on level 9 of the Dungeon.
You worshipped Beogh.
Beogh was pleased with you.
You were not hungry.

You visited 1 branch of the dungeon, and saw 9 of its levels.

You collected 349 gold pieces.

Inventory:

Hand Weapons
 a - a +1 war axe (weapon)
Missiles
 n - 2 throwing nets (quivered)
Armour
 c - a +0 shield (worn)
 p - a +0 ring mail of fire resistance (worn)
 r - a +2 cloak of poison resistance (worn)
Jewellery
 d - a +3 ring of intelligence (right hand)
 g - an amulet of guardian spirit (around neck)
 h - a ring of resist corrosion (left hand)
Wands
 e - a wand of iceblast (3)
 s - a wand of acid (11)
 t - a wand of enslavement (5)
Scrolls
 b - a scroll of enchant armour
 j - 2 scrolls of remove curse
 l - a scroll of amnesia
 m - 3 scrolls of identify
Potions
 o - a potion of flight
 q - a potion of ambrosia
Comestibles
 f - 10 rations
 u - 3 chunks of flesh


   Skills:
 + Level 8.8(8.3) Fighting
 + Level 15.7(15.1) Axes
 + Level 8.0(7.5) Armour
 - Level 3.2(2.8) Shields
 + Level 2.5(2.1) Invocations


You had 9 spell levels left.
You didn't know any spells.
Your spell library was empty.

Dungeon Overview and Level Annotations

Branches:
Dungeon (9/15)             Temple (0/1) D:6
   Lair: D:8-11         Orc: D:9-12

Altars:
Elyvilon
Fedhas
Kikubaaqudgha
Makhleb
The Shining One

Annotations:
D:4 Edmund
D:9 Psyche


Innate Abilities, Weirdness & Mutations

You have sharp toenails.
You are partially covered in rugged brown scales. (AC +1, +3% HP)


Message History

Splash!
You fall into the shallow water.
Moving in this stuff is going to be slow.
You feel sick.
A centaur comes into view.
The centaur shouts!
A killer bee comes into view.
The centaur wields a shortbow.
The centaur shoots an arrow.
The arrow barely misses you.
An electric eel comes into view.
The electric eel shoots out a bolt of lightning at you!
The bolt of electricity hits the electric eel.
The electric eel completely resists.
The bolt of electricity hits you!
* * * LOW HITPOINT WARNING * * *
An electric eel comes into view. x2
As you read the scroll of teleportation, it crumbles to dust.
You feel strangely unstable.
The electric eel shoots out a bolt of lightning at you!
The bolt of electricity hits you!
You die...

.. ... .. ... .. #..
.. ... ..###.## ##'#
###'##..##..# #...
..........(.####'#####
............#........#
.≈≈...≈.....#........#
≈≈≈.≈.≈@...h#.....(..+
≈≈≈.≈.≈≈.≈.†y........#
≈≈≈.≈≈≈;;...#†)......#
≈≈≈.c≈≈≈≈...#.T))[...#
;≈;.≈≈≈≈....#..†.....#
≈≈...≈≈≈.y..######'###
≈.....≈≈≈...# #^#
;≈..≈.≈≈≈...# ##.#
..≈..≈. ##..#


You could see a centaur, a hound, 2 killer bees and 5 electric eels.

Vanquished Creatures
  Harold (D:7)
  Pikel (D:3)
  Maurice (D:8)
  Joseph (D:8)
  A spriggan (D:7)
  A wyvern (D:9)
  6 yaks (D:7)
  A hungry ghost (D:7)
  2 slaves (D:3)
  2 ice beasts
  2 sky beasts (D:7)
  An orc warrior (D:8)
  2 ogres
  A phantom (D:8)
  3 wolves (D:9)
  A centaur (D:6)
  A necrophage (D:5)
  2 bullfrogs (D:6)
  A scorpion (D:5)
  7 killer bees
  3 howler monkeys (D:9)
  A quasit (D:9)
  3 crimson imps
  2 orc priests
  A centaur skeleton (D:8)
  A jelly (D:5)
  Crazy Yiuf (D:7)
  5 hounds
  6 orc wizards
  3 bullfrog skeletons
  7 worker ants
  A hound zombie (D:8)
  3 hound skeletons
  8 gnolls
  13 adders
  2 shadow imps
  An ooze (D:2)
  2 adder skeletons (D:4)
  5 worms
  6 leopard geckos
  23 orcs
  A ball python (D:3)
  5 bats
  3 giant cockroaches (D:2)
  7 goblins
  5 hobgoblins
  15 jackals
  8 quokkas
  2 frilled lizards (D:1)
  A jackal skeleton (D:4)
  6 kobolds
  2 leopard gecko skeletons (D:7)
  2 leopard gecko zombies
  A quokka skeleton (D:8)
  5 rats
  A fungus (D:7)
199 creatures vanquished.

Vanquished Creatures (others)
  An orc priest (D:5)
  An orc (D:5)
2 creatures vanquished.

Grand Total: 201 creatures vanquished

Notes
Turn   | Place    | Note
-------+----------+-------------------------------------------
     0 | D:1      | CheiIsBae the Hill Orc Fighter began the quest for the Orb.
     0 | D:1      | Reached XP level 1. HP: 19/19 MP: 1/1
    90 | D:1      | Reached skill level 3 in Axes
   155 | D:1      | Reached XP level 2. HP: 20/26 MP: 2/2
   254 | D:1      | Reached skill level 4 in Axes
   495 | D:2      | Reached XP level 3. HP: 30/31 MP: 3/3
   514 | D:2      | Reached skill level 5 in Axes
   843 | D:2      | Reached XP level 4. HP: 21/39 MP: 4/4
  1453 | D:2      | Reached skill level 6 in Axes
  1617 | D:2      | HP: 1/39 [gnoll/spear (5)]
  1986 | D:1      | Reached XP level 5. HP: 37/45 MP: 5/5
  2153 | D:2      | Reached skill level 7 in Axes
  2519 | D:3      | Found a glowing golden altar of the Shining One.
  3010 | D:3      | Reached skill level 8 in Axes
  3024 | D:3      | Reached XP level 6. HP: 49/51 MP: 6/6
  3773 | D:4      | Reached skill level 9 in Axes
  4121 | D:4      | Reached XP level 7. HP: 27/57 MP: 7/7
  4439 | D:4      | Noticed Pikel
  4466 | D:4      | Gained mutation: You are partially covered in rugged brown
                  | scales. (AC +1, +3% HP) [potion of mutation]
  4466 | D:4      | Gained mutation: You have sharp toenails. [potion of
                  | mutation]
  5260 | D:3      | Killed Pikel
  5260 | D:3      | Reached skill level 11 in Axes
  5260 | D:3      | Reached XP level 8. HP: 28/65 MP: 8/8
  5527 | D:4      | Noticed Edmund
  5544 | D:5      | Entered Level 5 of the Dungeon
  5753 | D:5      | Found a blossoming altar of Fedhas.
  5757 | D:5      | Found a white marble altar of Elyvilon.
  5757 | D:5      | Found an ancient bone altar of Kikubaaqudgha.
  5765 | D:5      | Found a burning altar of Makhleb.
  5845 | D:5      | Reached skill level 12 in Axes
  6236 | D:5      | Became a worshipper of Beogh the Brigand
  6757 | D:6      | Reached skill level 5 in Fighting
  6921 | D:6      | Found a staircase to the Ecumenical Temple.
  7232 | D:7      | Reached XP level 9. HP: 41/76 MP: 4/9
  7257 | D:7      | Reached skill level 13 in Axes
  7382 | D:7      | Reached skill level 5 in Armour
  7475 | D:7      | Reached * piety under Beogh
  7492 | D:7      | Reached skill level 14 in Axes
  8296 | D:7      | Reached XP level 10. HP: 70/88 MP: 6/10
  8674 | D:7      | Noticed Harold
  8689 | D:7      | Killed Harold
  8689 | D:7      | Reached skill level 15 in Axes
  8917 | D:7      | Found a runed door.
  8921 | D:7      | Noticed Crazy Yiuf
  8928 | D:7      | Killed Crazy Yiuf
  9107 | D:8      | Reached ** piety under Beogh
  9141 | D:8      | Noticed Joseph
  9154 | D:8      | Killed Joseph
  9471 | D:8      | Noticed Maurice
  9490 | D:8      | Killed Maurice
  9726 | D:9      | Reached skill level 1 in Invocations
  9775 | D:9      | Noticed Psyche
  9799 | D:9      | Killed from afar by an electric eel

Vault maps used:
D:1:      dpeg_arrival_lava_temple_mockup
D:2:      first_ration, minmay_pentomino_z4
D:3:      old_standard_altar
D:4:      st_stairs_9, yredelemnul_altar_generic, uniq_pikel, uniq_duvessa,
          uniq_edmund
D:5:      minitemple
D:6:      minmay_temple_entry_glassed_door
D:7:      wad_crossroads, the_bakery, uniq_crazy_yiuf_cottage, uniq_harold
D:8:      uniq_joseph, uniq_maurice
D:9:      fiery_altar_vehumet, erik_lair_island,
          kennysheep_orc_monster_closet_entryway, serial_park_tiny_1,
          uniq_psyche

Skill      XL: |  1  2  3  4  5  6  7  8  9 10 |
---------------+-------------------------------+-----
Axes           | 3 4 5 6 8 9 11 12 14 15 | 15.7
Fighting       | 5 7 8 |  8.8
Armour         | 4 6 8 |  8.0
Invocations    | 2 |  2.5
Shields        | |  3.2

Action                   |  1- 3 |  4- 6 |  7- 9 | 10-12 || total
-------------------------+-------+-------+-------+-------++-------
Melee: War axe           |    87 |   208 |   240 |   152 ||   687
       Kick              |       |       |    59 |    55 ||   114
Throw: Throwing net      |       |       |       |     4 ||     4
Invok: Convert to Beogh  |       |       |     1 |       ||     1
Evoke: Wand              |       |       |       |     6 ||     6
  Use: Potion            |     4 |     1 |     5 |     2 ||    12
       Scroll            |       |     6 |     8 |     4 ||    18
 Stab: Held in net/web   |       |       |       |     2 ||     2
  Eat: Chunk             |       |    10 |     5 |     4 ||    19
       Ration            |       |       |     4 |       ||     4
Armor: Scale mail        |    39 |   101 |    53 |       ||   193
       Ring mail         |       |       |    26 |    51 ||    77
Dodge: Dodged            |    34 |    79 |    73 |    52 ||   238
Block: Shield            |    57 |   134 |   120 |    37 ||   348

Table legend:
 A = Non-vault XP
 B = Vault XP
 C = Vault XP percentage of total XP
 D = Non-vault monster count
 E = Vault monster count
 F = Vault count percentage of total count
                 A         B        C        D         E       F
            +---------+---------+-------+---------+---------+-------
      Total |    5255 |    3352 |  38.9 |     179 |      17 |   8.7
            +---------+---------+-------+---------+---------+-------
        D:1 |      53 |       0 |   0.0 |      17 |       0 |   0.0
        D:2 |     233 |       6 |   2.5 |      28 |       3 |   9.7
        D:3 |      73 |     607 |  89.3 |      17 |       1 |   5.6
        D:4 |     337 |       7 |   2.0 |      20 |       2 |   9.1
        D:5 |     567 |       0 |   0.0 |      19 |       0 |   0.0
        D:6 |     390 |       0 |   0.0 |      13 |       0 |   0.0
        D:7 |    2259 |    1390 |  38.1 |      31 |       4 |  11.4
        D:8 |     555 |     903 |  61.9 |      13 |       2 |  13.3
        D:9 |     788 |     439 |  35.8 |      21 |       5 |  19.2
            +---------+---------+-------+---------+---------+-------
